 Dungeon Crawl Stone Soup version 0.29-a0-330-g52719c12eb (webtiles) character file.

Game seed: 9726177449410103624

84 Crownlay the Changer (level 4, 0/28 HPs)
             Began as an Octopode Transmuter on May 1, 2022.
             Killed from afar by an orc wizard (6 damage)
             ... with a magic dart
             ... on level 3 of the Dungeon.
             The game lasted 00:03:47 (3059 turns).

Crownlay the Changer (Octopode Transmuter)          Turns: 3059, Time: 00:03:47

Health: 0/28       AC:  1    Str:  9    XL:     4   Next: 46%
Magic:  6/8        EV: 13    Int: 17    God:
Gold:   98         SH:  0    Dex: 12    Spells: 4/8 levels left

rFire   . . .      SeeInvis .     - Unarmed
rCold   . . .      Faith    .   (no shield)
rNeg    . . .      Spirit   .   (helmet restricted)
rPois   .          Reflect  .   (no amulet)
rElec   .          Harm     .   (no ring)
rCorr   .          Rampage  .   (no ring)
Will    .....                   (no ring)
Stlth   ++........              (no ring)
HPRegen 0.09/turn               (no ring)
MPRegen 0.11/turn               (no ring)
                                (no ring)
                                (no ring)

@: no status effects
A: almost no armour, amphibious, 8 rings, camouflage 1, gelatinous body 1,
(nimble swimmer 1), tentacles
a: no special abilities


You were on level 3 of the Dungeon.
You visited 1 branch of the dungeon, and saw 3 of its levels.

You collected 98 gold pieces.

Inventory:

Scrolls
 b - a scroll of teleportation
 c - a scroll of enchant weapon
 d - a scroll of identify
 e - a scroll of immolation
 j - a scroll of summoning {unknown}
Potions
 a - a potion of lignification
 f - 2 potions of curing {unknown}
 g - 5 potions of heal wounds {unknown}
 h - a potion of invisibility {unknown}
 i - a potion of ambrosia {unknown}


   Skills:
 - Level 1.3 Fighting
 - Level 2.0 Dodging
 - Level 3.1 Unarmed Combat
 + Level 2.7 Spellcasting
 * Level 3.6 Transmutations


You had 4 spell levels left.
You knew the following spells:

 Your Spells              Type           Power      Damage    Failure   Level
a - Beastly Appendage     Tmut           28%        N/A       4%          1
b - Spider Form           Tmut/Pois      8%         N/A       26%         3

Your spell library contained the following spells:

 Spells                   Type           Power      Damage    Failure   Level
 Wereblood                Tmut           14%        N/A       6%          2
 Magic Dart               Conj           8%         1d3       19%         1
 Searing Ray              Conj           4%         2d4       26%         2
 Sublimation of Blood     Necr           2%         N/A       26%         2
 Ice Form                 Ice/Tmut       8%         N/A       63%         4
 Petrify                  Tmut/Erth      8%         N/A       63%         4
 Fulminant Prism          Conj/Hex       1%         3d6       87%         4
 Irradiate                Conj/Tmut      4%         3d14      93%         5


Dungeon Overview and Level Annotations

Branches:
Dungeon (3/15)

Altars:

Shops:
D:2 (


Innate Abilities, Weirdness & Mutations

You cannot wear most types of armour.
You are amphibious.
You can wear up to eight rings at the same time.
Your skin changes colour to match your surroundings (Stealth+).
Your rubbery body absorbs attacks. (AC +1, EV +1)
((You are camouflaged when in or above water. (Stealth+)))
You have tentacles for arms and can constrict up to eight enemies at once.


Message History

You're too confused to cast spells.
You bump into the rock wall.
You feel less confused.
The orc wizard mumbles some strange words.
The orc wizard flickers and vanishes!
Deactivating autopickup; reactivate with Ctrl-A.
Casting: Beastly Appendage (safe; 4% risk of failure)
Confirm with . or Enter, or press ? or * to list all spells.
The spell is quite dangerous to miscast (26% risk of failure)!
Continue anyway?
You turn into a venomous arachnid creature.
Your transformation is almost over.
The orc wizard completely misses you.
The orc wizard attacks as you move away!
The orc wizard closely misses you.
You barely miss the orc wizard. You hit the orc.
The orc is poisoned.
The orc is moderately wounded.
You hit the orc.
The orc looks as sick as possible!
The orc is almost dead.
The orc hits you with a +0 whip of flaming.
The orc burns you.
The orc wizard casts a spell.
The orc wizard flickers and vanishes!
You hit the orc.
You kill the orc!
You barely miss something.
You hear some strange, mumbled words.
A puff of flame appears from out of thin air!
The puff of flame hits you! Something hits you but does no damage.
You closely miss something.
Your transformation has ended.
Something hits you.
* * * LOW HITPOINT WARNING * * *
You closely miss something. Something completely misses you.
You closely miss something. Your squeeze misses something.
You hear some strange, mumbled words.
A magic dart appears from out of thin air!
The magic dart hits you.
You die...

###########################
#.>.......{{@.............#
........###o##############.#
........# #.#### #.##
........###....### #..#
....#............# ##.##
....######.#.#.#.# #...
...............#.# ##.. ##
.#####..#...#.# #..
.....#...>.# #..


You could see an orc.

Vanquished Creatures
  3 adders
  An ufetubus (D:2)
  2 dart slugs
  An orc (D:3)
  6 endoplasms
  3 giant cockroaches
  3 goblins
  5 hobgoblins
  8 kobolds
  3 quokkas (D:1)
  4 bats
  A frilled lizard (D:2)
  4 rats
44 creatures vanquished.

Notes
Turn   | Place    | Note
-------+----------+-------------------------------------------
     0 | D:1      | Crownlay the Octopode Transmuter began the quest for the
                  | Orb.
     0 | D:1      | Reached XP level 1. HP: 13/13 MP: 3/3
   162 | D:1      | Reached XP level 2. HP: 13/18 MP: 3/5
   446 | D:1      | Found a faded altar of an unknown god.
   850 | D:1      | Reached XP level 3. HP: 16/23 MP: 4/6
   945 | D:1      | Learned a level 3 spell: Spider Form
  2050 | D:2      | Reached XP level 4. HP: 21/28 MP: 5/7
  2458 | D:2      | Found Vaap's Weapon Shoppe.
  3059 | D:3      | Killed from afar by an orc wizard

Illustrated notes

Levels and vault maps discovered:
D:1:      dpeg_arrival_stonehenge_8_columns, layout_basic, serial_glass,
          glass_columns_a, glass_columns_a, glass_columns_c, glass_columns_a,
          ebering_ecumenical_altar_webs, minmay_curled_crystal
D:2:      layout_basic, serial_shops, shop, roderic_cross_of_infinity
D:3:      layout_basic, portal_sewer_entry_b, uniq_natasha

Skill      XL: |  1  2  3 |
---------------+----------+-----
Transmutations | 3 |  3.6
Fighting       | |  1.3
Dodging        | |  2.0
Unarmed Combat | |  3.1
Spellcasting   | |  2.7

Action                   |  1- 3 |  4- 6 || total
-------------------------+-------+-------++-------
Melee: Unarmed           |    79 |    29 ||   108
       Kick              |    24 |     4 ||    28
       Tentacles         |    13 |       ||    13
       Constrict         |    19 |     5 ||    24
       Punch             |     3 |       ||     3
 Cast: Beastly Appendage |    24 |     4 ||    28
       Spider Form       |       |     1 ||     1
  Use: Scroll            |       |     3 ||     3
 Stab: Sleeping          |     6 |     1 ||     7
Armor: Skin              |     7 |     2 ||     9
Dodge: Dodged            |    43 |    20 ||    63

Table legend: (Time is in decaauts)
 A = Elapsed time spent in this place.
 B = Non-inter-level travel time spent in this place.
 C = Inter-level travel time spent in this place.
 D = Time resting spent in this place.
 E = Time spent auto-exploring this place.
 F = Levels seen in this place.
 G = Mean time per level.
                   A        B        C        D        E       F      G
               +--------+--------+--------+--------+--------+-----+--------+
         Total |   3052 |   2988 |     64 |      0 |   2493 |   3 | 1017.3 |
       Dungeon |   3052 |   2988 |     64 |      0 |   2493 |   3 | 1017.3 |
               +--------+--------+--------+--------+--------+-----+--------+

Top non-repeatable levels by time:
     D:2: 1336 daAuts
     D:1: 1330 daAuts
     D:3: 385 daAuts
